 Dungeon Crawl Stone Soup version 0.31.0 (webtiles) character file.

Game seed: 10517874573586703641

480 qw the Shooter (level 7, -5/43 HPs)
             Began as a Gargoyle Hunter on Jan 19, 2024.
             Was an Initiate of Okawaru.
             Slain by an ogre
             ... wielding a +0 giant club
              (10 damage)
             ... on level 7 of the Dungeon.
             The game lasted 00:00:17 (3671 turns).

qw the Shooter (Gargoyle Hunter)                    Turns: 3671, Time: 00:00:17

Health: -5/43      AC: 18    Str: 14    XL:     7   Next: 11%
Magic:  7/7        EV: 10    Int: 13    God:    Okawaru [......]
Gold:   135        SH:  0    Dex: 14    Spells: 6/6 levels left

rFire   . . .        a - +1 shortbow (heavy)
rCold   . . .        (shield currently unavailable)
rNeg    + . .        g - +0 ring mail
rPois   inf          i - +2 helmet
rElec   +            (no cloak)
rCorr   .            b - +2 pair of gloves
SInv    .            (no boots)
Will    +....        (no amulet)
Stlth   +            (no ring)
HPRegen 0.27/turn    (no ring)
MPRegen 0.10/turn

%: no passive effects
@: no status effects
A: sickness immunity, AC +4, negative energy resistance 1, electricity
resistance, torment resistance 1, petrification resistance, iridescent scales 1,
clever 1, strong-willed 1
a: Renounce Religion


You were on level 7 of the Dungeon.
You worshipped Okawaru.
Okawaru was noncommittal.
You visited 1 branch of the dungeon, and saw 5 of its levels.

You collected 184 gold pieces.
You spent 49 gold pieces at shops.


Innate Abilities, Weirdness & Mutations

You are immune to sickness and miasma.
Your stone body is resilient. (AC +4)
You are immune to poison.
You resist negative energy. (rN+)
You are resistant to electric shocks. (rElec)
You are resistant to unholy torment.
You are immune to petrification.
You are partially covered in iridescent scales. (AC +2)
Your mind is acute. (Int +4, Str/Dex -1)
You are strong-willed. (Will+)


   Skills:
 - Level 4.2 Fighting
 + Level 7.0 Ranged Weapons
 - Level 2.9 Armour
 - Level 1.5 Dodging
 - Level 1.1 Stealth


You had 6 spell levels left.
You didn't know any spells.
Your spell library was empty.

Inventory:

Hand Weapons
 a - a +1 heavy shortbow (weapon)
Armour
 b - a +2 pair of gloves (worn)
 g - a +0 ring mail (worn)
 i - a +2 helmet (worn)
Wands
 c - a wand of flame (31)
Potions
 e - a potion of might
 h - a potion of ambrosia

Dungeon Overview and Level Annotations

Branches:
Dungeon (4/15)
 Temple: D:4-7

Altars:
Makhleb
Okawaru
Uskayaw

Shops:
D:2 (   D:3 *

Annotations:
D:2 1 runed translucent door, Crazy Yiuf


Message History

The scorpion is heavily wounded.
The scorpion stings you but does no damage.
You shoot an arrow. The arrow barely misses the scorpion.
The scorpion stings you.
The scorpion stings you but does no damage.
You shoot an arrow. The arrow hits the scorpion!
You kill the scorpion!
Okawaru accepts your kill.
Your Armour skill increases to level 2!
You have reached level 7!
You start resting.
HP restored.
A bombardier beetle comes into view.
You shoot an arrow.
The arrow hits the bombardier beetle but does no damage.
You shoot an arrow. The arrow hits the bombardier beetle.
The bombardier beetle is moderately wounded.
An ogre comes into view. It is wielding a +0 giant club.
You shoot an arrow. The ogre shouts!
The arrow hits the bombardier beetle but does no damage.
The bombardier beetle is moderately wounded.
You shoot an arrow. The arrow hits the bombardier beetle.
The bombardier beetle is moderately wounded.
The bombardier beetle bites you but does no damage.
You shoot an arrow. The arrow hits the bombardier beetle.
The bombardier beetle is moderately wounded.
The bombardier beetle completely misses you.
You shoot an arrow. The arrow hits the bombardier beetle!
The bombardier beetle is almost dead.
The ogre hits you with a +0 giant club!!
Ouch! That really hurt!
A wight comes into view. It is wielding a +2 hand axe.
The bombardier beetle bites you but does no damage.
The ogre hits you with a +0 giant club!
The wight moves out of view.
You shoot an arrow. The arrow hits the bombardier beetle.
You kill the bombardier beetle!
Okawaru accepts your kill.
A white imp comes into view.
The ogre hits you with a +0 giant club!
You die...

. ..### 5.....###
......#.##
.........# #@.#
#O## #.###
#...######
#........#
#.######.######
...............#
....##.~~~~~~~~~.#
..###
#.~.......~.#


You could see an ogre and a white imp (wandering).

Vanquished Creatures
  An ogre (D:4)
  A phantom (D:4)
  A scorpion (D:7)
  A bombardier beetle (D:7)
  A hound (D:4)
  2 iguanas
  Ijyb (D:4)
  An orc wizard (D:2)
  3 adders (D:3)
  A white imp (D:7)
  A ribbon worm (D:3)
  2 dart slugs
  7 orcs (D:3)
  9 endoplasms
  6 giant cockroaches
  8 goblins
  5 hobgoblins
  7 jackals (D:1)
  5 kobolds
  3 quokkas
  6 ball pythons
  4 bats
  8 frilled lizards
  5 rats
89 creatures vanquished.

Notes
Turn   | Place    | Note
-------+----------+-------------------------------------------
     0 | D:1      | qw the Gargoyle Hunter began the quest for the Orb.
     0 | D:1      | Reached XP level 1. HP: 12/12 MP: 1/1
     0 | D:1      | 0 ||| qw: Version: 0.3-a-132-g3d54051
     0 | D:1      | 0 ||| qw: Game counter: 379
     0 | D:1      | 0 ||| qw: Melee chars always use a shield: true
     0 | D:1      | 0 ||| qw: God list: Okawaru
     0 | D:1      | 0 ||| qw: Allow faded altars: false
     0 | D:1      | 0 ||| qw: Do Orc after clearing Dungeon:15 true
     0 | D:1      | 0 ||| qw: Do second Lair branch before Depths: true
     0 | D:1      | 0 ||| qw: Lair rune preference: random
     0 | D:1      | 0 ||| qw: Goals: Normal
     0 | D:1      | 0 ||| PLANNING D:1-11
   161 | D:1      | Reached XP level 2. HP: 17/17 MP: 2/2
   404 | D:1      | Found a faded altar of an unknown god.
   457 | D:1      | Reached XP level 3. HP: 21/21 MP: 3/3
   464 | D:1      | Reached skill level 5 in Ranged Weapons
   913 | D:1      | 913 ||| UPGRADING to +0 ring mail.
   923 | D:1      | 923 ||| DROPPING +0 leather armour.
   924 | D:1      | 924 ||| UPGRADING to +0 helmet.
   929 | D:1      | 929 ||| READING scroll labelled DUIV CAIGEJO.
   930 | D:1      | 930 ||| READING scroll labelled XYGELLATSU.
   930 | D:1      | 930 ||| IDENTIFYING glowing red potion
   931 | D:1      | 931 ||| READING scroll labelled INIEKU VUIZ.
   945 | D:1      | 945 ||| DROPPING scroll of butterflies.
  1078 | D:2      | Found a runed translucent door.
  1079 | D:2      | Noticed Crazy Yiuf
  1139 | D:2      | Identified the +0 plate armour "Jeamu" {rPois rN+ Will-
                  | Str+2}
  1174 | D:2      | Found Vunopnu's Weapon Emporium.
  1441 | D:2      | 1441 ||| FLEEEEING.
  1443 | D:2      | Reached skill level 1 in Armour
  1781 | D:2      | 1781 ||| UPGRADING to +1 pair of gloves.
  1786 | D:2      | 1786 ||| READING scroll labelled TASATU VEUZO.
  1786 | D:2      | 1786 ||| ENCHANTING +1 pair of gloves.
  1787 | D:2      | 1787 ||| READING scroll labelled BEUQUO FESHREDI.
  1932 | D:3      | Reached skill level 3 in Fighting
  1932 | D:3      | Reached XP level 4. HP: 28/28 MP: 4/4
  2044 | D:3      | 2044 ||| FLEEEEING.
  2052 | D:3      | 2052 ||| STAIRDANCE
  2054 | D:2      | 2054 ||| DRINKING fuming puce potion.
  2055 | D:2      | 2055 ||| DRINKING viscous ruby potion.
  2061 | D:2      | 2061 ||| DRINKING viscous red potion.
  2061 | D:2      | Gained mutation: You are partially covered in iridescent
                  | scales. (AC +2) [potion of mutation]
  2061 | D:2      | Gained mutation: You are strong-willed. (Will+) [potion of
                  | mutation]
  2061 | D:2      | Gained mutation: Your mind is acute. (Int +4, Str/Dex -1)
                  | [potion of mutation]
  2194 | D:2      | 2194 ||| READING scroll labelled GADODO GEIC.
  2194 | D:2      | 2194 ||| ENCHANTING +0 shortbow.
  2226 | D:3      | 2226 ||| STAIRDANCE
  2230 | D:2      | 2230 ||| FLEEEEING.
  2241 | D:2      | 2241 ||| FLEEEEING.
  2337 | D:3      | 2337 ||| FLEEEEING.
  2344 | D:3      | 2344 ||| STAIRDANCE
  2655 | D:3      | Reached XP level 5. HP: 32/32 MP: 5/5
  2700 | D:3      | 2700 ||| READING 2 scrolls of enchant armour.
  2700 | D:3      | 2700 ||| ENCHANTING +0 helmet.
  2701 | D:3      | 2701 ||| READING scroll of enchant armour.
  2701 | D:3      | 2701 ||| ENCHANTING +1 helmet.
  2797 | D:3      | Found Abboj's Assorted Antiques.
  2807 | D:3      | 2807 ||| BUYING fuming white potion (23 gold).
  2807 | D:3      | Bought a fuming white potion for 23 gold pieces
  2807 | D:3      | 2807 ||| SHOPLISTING gilded ring (130 gold, have 76).
  2807 | D:3      | 2807 ||| BUYING scroll labelled LUOFAR JASCH (26 gold).
  2807 | D:3      | Bought a scroll labelled LUOFAR JASCH for 26 gold pieces
  2807 | D:3      | 2807 ||| SHOPLISTING scroll of identify (52 gold, have 50).
  2807 | D:3      | 2807 ||| SHOPLISTING shimmering leather armour (182 gold,
                  | have 50).
  3085 | D:3      | 3085 ||| READING scroll labelled DUAMPI QA JEV.
  3086 | D:3      | 3086 ||| READING scroll labelled NOS QONANLAXT.
  3087 | D:3      | 3087 ||| READING scroll labelled LUOFAR JASCH.
  3113 | D:4      | Reached skill level 6 in Ranged Weapons
  3149 | D:4      | Noticed a phantom
  3173 | D:4      | Killed a phantom
  3174 | D:4      | Reached XP level 6. HP: 24/38 MP: 6/6
  3176 | D:4      | 3176 ||| FLEEEEING.
  3234 | D:4      | Found an iron altar of Okawaru.
  3235 | D:4      | 3235 ||| PLANNING OKAWARU WORSHIP
  3235 | D:4      | 3235 ||| READING scroll labelled HOXKOU BOMMOL.
  3239 | D:4      | Noticed Ijyb
  3254 | D:4      | Killed Ijyb
  3264 | D:4      | 3264 ||| FLEEEEING.
  3293 | D:4      | 3293 ||| FLEEEEING.
  3298 | D:4      | 3298 ||| STAIRDANCE
  3407 | D:4      | Became a worshipper of Warmaster Okawaru
  3408 | D:4      | 3408 ||| PLANNING D:1-11
  3459 | D:4      | Reached skill level 7 in Ranged Weapons
  3459 | D:4      | 3459 ||| FLEEEEING.
  3463 | D:4      | 3463 ||| STAIRDANCE
  3487 | D:3      | 3487 ||| READING scroll labelled DOGITI HABOKE.
  3487 | D:3      | 3487 ||| BRANDING +1 shortbow.
  3500 | D:4      | Noticed a +0 hand axe
  3503 | D:4      | Noticed a +0 hand axe
  3505 | D:4      | Found a hide-covered altar of Uskayaw.
  3509 | D:4      | 3509 ||| DRINKING 2 murky coppery potions.
  3510 | D:4      | 3510 ||| DRINKING fuming yellow potion.
  3511 | D:4      | 3511 ||| DRINKING lumpy coppery potion.
  3512 | D:4      | 3512 ||| DRINKING fuming white potion.
  3513 | D:4      | 3513 ||| DRINKING brown potion.
  3582 | D:4      | You fall into a shaft and drop 3 floors!
  3626 | D:7      | Found a burning altar of Makhleb.
  3650 | D:7      | Reached XP level 7. HP: 42/43 MP: 7/7
  3670 | D:7      | HP: 4/43 [ogre/+0 giant club (16)]
  3671 | D:7      | Slain by an ogre

Levels and vault maps discovered:
D:1:      lemuel_arrival_funnel, layout_basic,
          shapermc_ecumenical_altar_flowoftime, nicolae_houndstooth_variations
D:2:      layout_basic, serial_shops, nicolae_shop_hallway_plus,
          uniq_crazy_yiuf_cottage
D:3:      layout_loops_corners, serial_shops, nicolae_shop_trees,
          minmay_misc_feat_more_columns, chequers_serial_rivers_large_b
D:4:      layout_rooms, mainiacjoe_overflow_boulevard, dancing_weapons_uskayaw,
          ebering_ghost_gozag, uniq_ijyb
D:7:      layout_cave_pools, old_standard_altar, mainiacjoe_overflow_brackets

Skill      XL: |  1  2  3  4  5  6 |
---------------+-------------------+-----
Ranged Weapons | 5 6 7 |  7.0
Armour         | 1 2 |  2.9
Fighting       | 3 4 |  4.2
Dodging        | |  1.5
Stealth        | |  1.1

Action                     |  1- 3 |  4- 6 |  7- 9 || total
---------------------------+-------+-------+-------++-------
   Fire: Shortbow          |   137 |   217 |     7 ||   361
    Use: Scroll            |     5 |     8 |       ||    13
         Potion            |       |     8 |       ||     8
 Armour: Leather armour    |    35 |       |       ||    35
         Ring mail         |    10 |   137 |     5 ||   152
  Dodge: Dodged            |    38 |    81 |     1 ||   120

Table legend:
 A = Non-vault XP
 B = Vault XP
 C = Vault XP percentage of total XP
 D = Non-vault monster count
 E = Vault monster count
 F = Vault count percentage of total count
                 A         B        C        D         E       F
            +---------+---------+-------+---------+---------+-------
      Total |     698 |      36 |   4.9 |      88 |       1 |   1.1
            +---------+---------+-------+---------+---------+-------
        D:1 |      58 |       0 |   0.0 |      35 |       0 |   0.0
        D:2 |      53 |       0 |   0.0 |      11 |       0 |   0.0
        D:3 |      91 |       0 |   0.0 |      25 |       0 |   0.0
        D:4 |     319 |      36 |  10.1 |      13 |       1 |   7.1
        D:7 |     177 |       0 |   0.0 |       4 |       0 |   0.0
            +---------+---------+-------+---------+---------+-------
